 Dungeon Crawl Stone Soup version 0.25-a0-24-g72dcfe0359 (webtiles) character file.

Game seed: 7591920700226222059, levelgen mode: deterministic

319 Dycilia the Covert (level 6, -3/32 HPs)
             Began as a Spriggan Assassin on Oct 17, 2019.
             Slain by a gnoll
             ... wielding a +0 spear
              (15 damage)
             ... on level 4 of the Dungeon.
             The game lasted 00:16:38 (4060 turns).

Dycilia the Covert (Spriggan Assassin)              Turns: 4060, Time: 00:16:38

Health: -3/32      AC:  3    Str:  8    XL:     6   Next: 21%
Magic:  7/7        EV: 17    Int: 13    God:
Gold:   178        SH:  0    Dex: 18    Spells: 5/5 levels left

rFire    . . .     SeeInvis +   a - +2 dagger
rCold    . . .     Gourm    .   (shield restricted)
rNeg     . . .     Faith    .   b - +0 robe
rPois    .         Spirit   .   (helmet restricted)
rElec    .         Reflect  .   c - +0 cloak
rCorr    .         Harm     .   (gloves unavailable)
MR       +....                  (boots unavailable)
Stlth    ++++......             (no amulet)
HPRegen  0.10/turn              (no ring)
MPRegen  0.10/turn              (no ring)

@: very quick
A: very small, unfitting armour, see invisible, herbivore, speed 3, slow
metabolism 2
a: no special abilities


You were on level 4 of the Dungeon.
You were very hungry.

You visited 1 branch of the dungeon, and saw 4 of its levels.

You collected 178 gold pieces.

Inventory:

Hand Weapons
 a - a +2 dagger (weapon)
Armour
 b - a +0 robe (worn)
 c - a +0 cloak (worn)
Jewellery
 p - an uncursed ring of ice
 w - an uncursed ring of positive energy {unknown}
Wands
 r - a wand of flame (17)
Scrolls
 g - 2 scrolls of teleportation {unknown}
 i - a scroll of magic mapping {unknown}
 j - 7 scrolls of identify
 k - 2 scrolls of enchant weapon {unknown}
 n - 2 scrolls of amnesia {unknown}
 o - 2 scrolls of remove curse {unknown}
 t - a scroll of immolation {unknown}
 v - a scroll of fear {unknown}
Potions
 h - a potion of haste
 l - 4 potions of curing {unknown}
 m - 3 potions of lignification {unknown}
 q - a potion of ambrosia {unknown}
 s - 2 potions of degeneration {unknown}
 u - a potion of brilliance {unknown}
Comestibles
 f - 8 rations


   Skills:
 + Level 2.6 Fighting
 * Level 4.8 Short Blades
 + Level 2.7 Throwing
 - Level 1.5 Dodging
 * Level 8.2 Stealth


You had 5 spell levels left.
You didn't know any spells.
Your spell library was empty.

Dungeon Overview and Level Annotations

Branches:
Dungeon (4/15)
 Temple: D:4-7

Altars:
Hepliaklqana
Uskayaw


Innate Abilities, Weirdness & Mutations

You are very small and have problems with some larger weapons.
You are too small for most types of armour.
You have supernaturally acute eyesight. (SInv)
You are a herbivore.
You cover ground extremely quickly.
You need to consume almost no food.


Message History

You hit the gnoll but do no damage.
The gnoll is lightly wounded.
The gnoll closely misses you. The gnoll hits you with a +0 spear.
You hit the gnoll.
The gnoll is moderately wounded.
An orc comes into view. It is wielding a +0 flail.
The gnoll barely misses you.
You hit the gnoll.
The gnoll is moderately wounded.
The gnoll hits you with a +0 spear!
You hit the gnoll.
The gnoll is heavily wounded.
The gnoll closely misses you. x2
You hit the gnoll but do no damage.
The gnoll is heavily wounded.
The gnoll closely misses you. The gnoll misses you.
You hit the gnoll.
The gnoll is severely wounded.
The gnoll hits you with a +0 spear!
You die...

# #.. #...#
......##########
(....o(oog@.g..#
.....(########.#
#(().####### #.#
#(.. ..(g..###.#
.....# #.....#
## #.# #..####
#.# #..# #.#
#..# # ##.##
#..#


You could see 2 gnolls and 3 orcs.

Vanquished Creatures
  A centaur zombie (D:3)
  An orc wizard (D:4)
  A centaur skeleton (D:3)
  Ijyb (D:3)
  2 worker ants (D:4)
  3 gnolls (D:4)
  4 adders
  An ooze (D:2)
  6 leopard geckos
  8 orcs
  3 giant cockroaches
  6 goblins
  9 hobgoblins
  8 jackals
  3 kobolds
  2 quokkas
  A ball python (D:2)
  5 bats
  A frilled lizard (D:2)
  8 rats
74 creatures vanquished.

Notes
Turn   | Place    | Note
-------+----------+-------------------------------------------
     0 | D:1      | Dycilia the Spriggan Assassin began the quest for the Orb.
     0 | D:1      | Reached XP level 1. HP: 10/10 MP: 2/2
   202 | D:1      | Reached skill level 6 in Stealth
   240 | D:1      | Reached XP level 2. HP: 15/15 MP: 3/3
   477 | D:1      | Found a hazy altar of Hepliaklqana.
   741 | D:2      | Reached XP level 3. HP: 18/18 MP: 4/4
  1704 | D:2      | Found a hide-covered altar of Uskayaw.
  2006 | D:2      | Reached XP level 4. HP: 14/23 MP: 5/5
  2275 | D:3      | Noticed Ijyb
  2277 | D:3      | Killed Ijyb
  2277 | D:3      | Reached skill level 7 in Stealth
  2779 | D:3      | Reached XP level 5. HP: 24/27 MP: 6/6
  3642 | D:4      | Reached skill level 8 in Stealth
  3642 | D:4      | Reached XP level 6. HP: 32/32 MP: 7/7
  4060 | D:4      | Slain by a gnoll

Levels and vault maps discovered:
D:1:      lemuel_arrival_behind_the_door_small, layout_loops_cross,
          minmay_hexomino_r4
D:2:      layout_loops_corners, lemuel_round_altar, first_ration,
          glass_columns_b, kennysheep_generic_room_9
D:3:      layout_basic, uniq_ijyb
D:4:      layout_loops_ring, uniq_edmund

Skill      XL: |  1  2  3  4  5 |
---------------+----------------+-----
Stealth        | 6 7 8 |  8.2
Short Blades   | 3 4 |  4.8
Fighting       | 2 |  2.6
Throwing       | |  2.7
Dodging        | |  1.5

Action                   |  1- 3 |  4- 6 || total
-------------------------+-------+-------++-------
Melee: Dagger            |   169 |   116 ||   285
Throw: Dart              |       |    30 ||    30
  Use: Scroll            |     1 |       ||     1
 Stab: Sleeping          |    11 |     9 ||    20
Armor: Robe              |    15 |     4 ||    19
Dodge: Dodged            |   124 |    62 ||   186

Table legend:
 A = Non-vault XP
 B = Vault XP
 C = Vault XP percentage of total XP
 D = Non-vault monster count
 E = Vault monster count
 F = Vault count percentage of total count
                 A         B        C        D         E       F
            +---------+---------+-------+---------+---------+-------
      Total |     413 |      43 |   9.4 |      71 |       3 |   4.1
            +---------+---------+-------+---------+---------+-------
        D:1 |      35 |       5 |  12.5 |      19 |       2 |   9.5
        D:2 |      68 |       0 |   0.0 |      17 |       0 |   0.0
        D:3 |     138 |      38 |  21.6 |      22 |       1 |   4.3
        D:4 |     172 |       0 |   0.0 |      13 |       0 |   0.0
            +---------+---------+-------+---------+---------+-------
